 Dungeon Crawl Stone Soup version 0.22-a0-880-gb7b0c8b (webtiles) character file.

156 Amnesiac the Poker (level 5, -1/54 HPs)
             Began as an Ogre Fighter on July 30, 2018.
             Slain by Ijyb
             ... wielding a +0 club
              (4 damage)
             ... on level 3 of the Dungeon.
             The game lasted 00:04:43 (1959 turns).

Amnesiac the Poker (Ogre Fighter)                   Turns: 1959, Time: 00:04:44

Health: -1/54      AC: -4    Str: 21    XL:     5   Next: 38%
Magic:  5/5        EV:  8    Int:  7    God:
Gold:   92         SH:  8    Dex:  8    Spells: 4/4 levels left

rFire    . . .     SeeInvis .   a - +0 trident
rCold    . . .     Gourm    .   c - +0 shield
rNeg     . . .     Faith    .   b - +0 robe
rPois    .         Spirit   .   m - +1 hat
rElec    .         Reflect  .   (no cloak)
rCorr    .         Harm     .   (gloves unavailable)
MR       .....                  (boots unavailable)
Stlth    +.........             (no amulet)
HPRegen  0.18/turn              (no ring)
MPRegen  0.09/turn              (no ring)

@: about to teleport, corroded, hasted, very quick
A: large, unfitting armour, dopey 1, tough skin 1, wild magic 1
a: no special abilities


You were on level 3 of the Dungeon.
You were not hungry.

You visited 1 branch of the dungeon, and saw 3 of its levels.

You collected 92 gold pieces.

Inventory:

Hand Weapons
 a - a +0 trident (weapon)
 k - a +0 hunting sling of freezing
Missiles
 l - 58 sling bullets
 p - 47 stones (quivered)
 q - 17 poisoned needles
Armour
 b - a +0 robe (worn)
 c - a +0 shield (worn)
 m - a +1 hat (worn)
Jewellery
 j - a +2 ring of protection {unknown}
Wands
 s - a wand of flame (23)
Scrolls
 g - a scroll of immolation {!r, unknown}
 n - 2 scrolls of remove curse {!r}
 r - a scroll of identify {!r}
 u - a scroll of enchant armour {!r, unknown}
Potions
 d - a potion of might {!q}
 h - 2 potions of mutation {!q}
 t - 2 potions of brilliance {!q}
Comestibles
 f - 2 rations
 i - 8 chunks of flesh


   Skills:
 - Level 4.0 Fighting
 + Level 4.7 Polearms
 * Level 2.2 Throwing
 - Level 2.6 Dodging
 - Level 2.6 Shields


You had 4 spell levels left.
You didn't know any spells.
Your spell library was empty.

Dungeon Overview and Level Annotations

Branches:
Dungeon (3/15)

Altars:
Dithmenos
Fedhas
Trog

Annotations:
D:3 Ijyb


Innate Abilities, Weirdness & Mutations

You are too large for most types of armour.
You have tough skin. (AC +1)
You are dopey. (Int -2)
Your spells are a little harder to cast, but a little more powerful.


Message History

No target in view!
Eating one of 9 chunks of flesh.
You eat one of the 9 chunks of flesh.
This raw flesh tastes terrible.
Found a spear.
No target in view!
No target in view!
You see here a spear.
Things that are here:
a flail; a leather armour
Things that are here:
a hand axe; a flail A kobold comes into view.
It is wielding a short sword.
The kobold shouts!
Found an escape hatch in the floor.
Attack whom?
Press: ? - help, Dir - move target cursor, f - kobold
Aim: a kobold, wielding a short sword You reach to attack!
You hit the kobold.
The kobold is severely wounded.
A kobold is nearby!
You closely miss the kobold.
The kobold is severely wounded.
The kobold hits you with a short sword.
A kobold is nearby!
You hit the kobold but do no damage.
The kobold is severely wounded.
The kobold hits you but does no damage.
A kobold is nearby!
You puncture the kobold!
You kill the kobold!
Things that are here:
a short sword; a kobold corpse No target in view!
Ijyb the Twisted Goblin comes into view.
She is wielding a club.
Evoke which item? (* to show all) (? for menu, Esc to quit)
Okay, then.
Really read
n - 3 scrolls labeled MOMNIUQUTS {!r}?
As you read the scroll labeled MOMNIUQUTS {!r}, it crumbles to dust.
You feel blessed for a moment.
It was a scroll of remove curse {!r}.
Ijyb shouts!
Attack whom?
Press: ? - help, Dir - move target cursor, f - Ijyb
Aim: Ijyb, wielding a club and wearing a glowing chain mail You reach to attack!
You hit Ijyb.
Ijyb is lightly wounded.
Ijyb zaps a wand.
The bolt of acid hits you! The acid corrodes you!
You are splashed with acid!
The acid burns!
It is a wand of acid (11).
Really read
r - 2 scrolls labeled HYREXI LOEGUS {!r}?
As you read the scroll labeled HYREXI LOEGUS {!r}, it crumbles to dust.
It is a scroll of identify.
t - 2 potions of brilliance {!q} Ijyb zaps a wand.
The bolt of acid hits you!
* * * LOW HITPOINT WARNING * * *
The acid corrodes you!
You are splashed with acid!
The acid burns!
* * * LOW HITPOINT WARNING * * *
Really read
e - a scroll labeled CARUPUCYSI {!r}?
As you read the scroll labeled CARUPUCYSI {!r}, it crumbles to dust.
You feel strangely unstable.
It was a scroll of teleportation {!r}.
You block Ijyb's attack.
Okay, then.
Really quaff
o - a fuming amethyst potion {!q}?
It was a potion of haste {!q}.
You feel yourself speed up. Ijyb hits you with a club.
You die...

#......#.......# #.#
#....
#.#.######.......# #.#
##... #.#.# #.......#
#.# #)## #.#.#
#.......# #.# #..#
#.#.# #.......# #.#
##.# #.#.# #.......#
#.# #.# #.#.# #########
#.# #..
#.#.#################.#
##.
#[.........#..g@......#
#.
#...######.#.#######..#
## ##....###.# #...#
#..# # ....).....#
#.#.###..# #
#####.###.# #.#.#....#
# ......# #.#
#.#.#.#)## #
#########.# #.#.#.#.#
........#.# #.#.#.#.#>#
..........# #.#.#.#.#.#


You could see Ijyb.

Vanquished Creatures
  Terence (D:2)
  Robin (D:2)
  An adder (D:3)
  2 oozes
  4 dart slugs
  A leopard gecko (D:1)
  10 orcs (D:3)
  A ball python (D:3)
  2 giant cockroaches
  15 goblins
  8 hobgoblins
  4 jackals
  16 bats
  2 frilled lizards
  6 kobolds
  6 rats
80 creatures vanquished.

Vanquished Creatures (others)
  A goblin (D:2)
1 creature vanquished.

Grand Total: 81 creatures vanquished

Notes
Turn   | Place    | Note
-------+----------+-------------------------------------------
     0 | D:1      | Amnesiac the Ogre Fighter began the quest for the Orb.
     0 | D:1      | Reached XP level 1. HP: 24/24 MP: 1/1
    50 | D:1      | Reached XP level 2. HP: 15/32 MP: 2/2
   349 | D:1      | Reached XP level 3. HP: 32/39 MP: 3/3
   830 | D:2      | Noticed Robin
   845 | D:2      | Gained mutation: You are dopey. (Int -2) [potion of mutation]
   845 | D:2      | Gained mutation: Your spells are a little harder to cast, but a little more powerful. [potion of mutation]
   858 | D:2      | Killed Robin
   858 | D:2      | Reached XP level 4. HP: 30/48 MP: 4/4
  1051 | D:2      | Found a shadowy altar of Dithmenos.
  1075 | D:2      | Noticed Terence
  1131 | D:2      | Killed Terence
  1131 | D:2      | Reached skill level 1 in Throwing
  1545 | D:3      | Reached XP level 5. HP: 54/54 MP: 5/5
  1554 | D:3      | Found a blossoming altar of Fedhas.
  1787 | D:3      | Found a bloodstained altar of Trog.
  1954 | D:3      | Noticed Ijyb
  1957 | D:3      | HP: 2/54 [acid (11)]
  1959 | D:3      | Slain by Ijyb

Vault maps used:
D:1:      ncdulo_smallfort, eino_curves_04, hangedman_abyss_or_decor_stabs
D:2:      nicolae_dithmenos_shadow_blocks, uniq_terence, uniq_robin
D:3:      lemuel_round_altar, fedhas_altar_1, uniq_ijyb, uniq_jessica

Skill      XL: |  1  2  3  4  5 |
---------------+----------------+-----
Polearms       | 3 4 |  4.7
Throwing       | 1 2 |  2.2
Fighting       | |  4.0
Dodging        | |  2.6
Shields        | |  2.6

Action                   |  1- 3 |  4- 6 || total
-------------------------+-------+-------++-------
Melee: Trident           |   140 |   104 ||   244
 Fire: Hunting sling     |       |    14 ||    14
  Use: Potion            |     2 |     1 ||     3
       Scroll            |       |     3 ||     3
 Stab: Sleeping          |     1 |       ||     1
  Eat: Chunk             |       |     4 ||     4
Armor: Robe              |    36 |    18 ||    54
Dodge: Dodged            |    47 |    22 ||    69
Block: Shield            |    54 |    44 ||    98

Table legend:
 A = Spawn XP
 B = Non-spawn XP
 C = Spawn XP percentage of total XP
 D = Spawn monster count
 E = Non-spawn monster count
 F = Spawn count percentage of total count
 G = Total turns spent on level
                    A         B        C        D         E        F      G
               +---------+---------+-------+---------+---------+-------+---------
         Total |       0 |     224 |   0.0 |       0 |      81 |   0.0 |  1959
               +---------+---------+-------+---------+---------+-------+---------
           D:1 |       0 |      56 |   0.0 |       0 |      32 |   0.0 |   636
           D:2 |       0 |      94 |   0.0 |       0 |      22 |   0.0 |   899
           D:3 |       0 |      74 |   0.0 |       0 |      27 |   0.0 |   424
               +---------+---------+-------+---------+---------+-------+---------
